 Dungeon Crawl Stone Soup version 0.27-a0-1196-g3e9cee4cb2 (webtiles) character file.

Game seed: 3445884110823785002

10070 Delamore the Bludgeoner (level 11, -6/63 HPs)
             Began as a Gargoyle Fighter on May 28, 2021.
             Was a High Priest of Okawaru.
             Mangled by a blink frog (13 damage)
             ... on level 1 of the Lair of Beasts.
             The game lasted 00:16:05 (12900 turns).

Delamore the Bludgeoner (Gargoyle Fighter)         Turns: 12900, Time: 00:16:05

Health: -6/63      AC: 20    Str: 23    XL:     11   Next: 56%
Magic:  10/11      EV: 12    Int:  9    God:    Okawaru [*****.]
Gold:   443        SH: 13    Dex:  9    Spells: 10/10 levels left

rFire    . . .     SeeInvis .   F - +6 eveningstar (holy)
rCold    + + +     Faith    .   y - +2 kite shield {reflect}
rNeg     + . .     Spirit   .   n - +0 ice dragon scales "Beanwat" {+Blink rF- rC++}
rPois    ∞         Reflect  +   l - +0 helmet
rElec    +         Harm     .   (no cloak)
rCorr    .         Rampage  .   (no gloves)
Will     .....                  o - +0 pair of boots
Stlth    ..........             (no amulet)
HPRegen  0.20/turn              p - ring of protection from fire
MPRegen  0.12/turn              G - +4 ring of evasion

@: no status effects
A: sickness immunity, AC +8, negative energy resistance 1, electricity
resistance, torment resistance 1, petrification resistance, claws 1, cold
resistance 1, subdued magic 1
a: Renounce Religion, Evoke Blink, Heroism, Finesse


You were on level 1 of the Lair of Beasts.
You worshipped Okawaru.
Okawaru was extremely pleased with you.
You visited 2 branches of the dungeon, and saw 9 of its levels.
You also visited: Ossuary and Bailey.

You collected 540 gold pieces.
You spent 97 gold pieces at shops.

Inventory:

Hand Weapons
 F - a +6 eveningstar of holy wrath (weapon)
Missiles
 h - 28 boomerangs (quivered)
 A - 26 poisoned darts
Armour
 l - a +0 helmet (worn)
 n - the +0 ice dragon scales "Beanwat" (worn) {+Blink rF- rC++}
   (You took it off an orc in a bailey)

   It makes you vulnerable to fire.
   It greatly protects you from cold.
   It lets you blink.
 o - a +0 pair of boots (worn)
 y - a +2 kite shield of reflection (worn)
Jewellery
 p - a ring of protection from fire (left claw)
 G - a +4 ring of evasion (right claw)
Wands
 i - a wand of flame (44)
 C - a wand of iceblast (4)
Scrolls
 b - a scroll of magic mapping {unknown}
 c - a scroll of amnesia
 d - a scroll of vulnerability {unknown}
 e - 2 scrolls of summoning
 f - 2 scrolls of fog
 g - 3 scrolls of blinking
 j - 2 scrolls of fear
 r - a scroll of noise
 t - 5 scrolls of teleportation
 B - a scroll of immolation
 I - a scroll of enchant armour
Potions
 a - 2 potions of curing
 k - 2 potions of berserk rage
 m - 2 potions of mutation
 q - 2 potions of lignification
 s - 2 potions of attraction
 u - 4 potions of heal wounds
 v - a potion of cancellation {unknown}
 w - 2 potions of degeneration
 x - a potion of magic {unknown}
 z - 3 potions of haste
 E - a potion of resistance
 H - a potion of flight {unknown}


   Skills:
 - Level 5.0 Fighting
 * Level 15.6 Maces & Flails
 - Level 3.2 Armour
 + Level 7.6 Shields


You had 10 spell levels left.
You didn't know any spells.
Your spell library contained the following spells:

 Spells                   Type           Power      Damage    Failure   Level
 Beastly Appendage        Tmut           0%         N/A       96%         1
 Corona                   Hex            0%         N/A       96%         1
 Magic Dart               Conj           0%         1d3       96%         1
 Sandblast                Erth           0%         2d4       96%         1
 Ensorcelled Hibernation  Hex/Ice        0%         N/A       99%         2
 Passwall                 Tmut/Erth      0%         N/A       99%         2
 Searing Ray              Conj           0%         3d3       99%         2
 Wereblood                Tmut           0%         N/A       99%         2
 Confusing Touch          Hex            0%         N/A       100%        3
 Dazzling Flash           Conj/Hex       0%         N/A       100%        3
 Gell's Gravitas          Tloc           0%         N/A       100%        3
 Spider Form              Tmut/Pois      0%         N/A       100%        3
 Stone Arrow              Conj/Erth      0%         3d7       100%        3
 Tukima's Dance           Hex            0%         N/A       100%        3
 Fulminant Prism          Conj/Hex       0%         3d6       100%        4
 Ice Form                 Ice/Tmut       0%         N/A       100%        4
 Iskenderun's Mystic Bla  Conj/Tloc      0%         2d3       100%        4
 Petrify                  Tmut/Erth      0%         N/A       100%        4
 Hydra Form               Tmut           0%         N/A       100%        5
 Lee's Rapid Deconstruct  Erth           0%         3d5*      100%        5
 Metabolic Englaciation   Hex/Ice        0%         N/A       100%        5
 Yara's Violent Unravell  Hex/Tmut       0%         3d3       100%        5


Dungeon Overview and Level Annotations

Branches:
Dungeon (8/15)             Temple (0/1) D:7            Lair (1/6) D:8
Ossuary (visited)          Bailey (visited)

Altars:
Ashenzari
Cheibriados
Dithmenos
Hepliaklqana
Kikubaaqudgha
Okawaru
Trog
Yredelemnul
Zin
The Shining One
Beogh

Shops:
D:6 ?


Innate Abilities, Weirdness & Mutations

You are immune to sickness and miasma.
Your stone body is resilient. (AC +8)
You are immune to poison.
You resist negative energy. (rN+)
You are resistant to electric shocks. (rElec)
You are resistant to unholy torment.
You are immune to petrification.
You have sharp fingernails.
Your flesh is cold resistant. (rC+)
Your spells are a little easier to cast, but a little less powerful.


Message History

The blink frog hits you but does no damage.
The blink frog blinks!
You block the blink frog's attack.
You miss the blink frog.
The blink frog blinks!
The blink frog hits you!
The blink frog blinks! x3
You closely miss the blink frog. You block the blink frog's attack.
The blink frog blinks!
You block the blink frog's attack.
You impale the blink frog!!
The blink frog is almost dead.
The blink frog hits you but does no damage.
The blink frog blinks!
You sock the blink frog!
You kill the blink frog!
Okawaru accepts your kill.
The blink frog blinks!
You block the blink frog's attack.
The blink frog blinks! x2
You see here a komodo dragon corpse.
You swing at nothing.
The blink frog blinks!
You swing at nothing.
The blink frog blinks!
You block the blink frog's attack.
You bludgeon the blink frog!!
You kill the blink frog!
Okawaru accepts your kill.
You swing at nothing.
You barely miss the blink frog. The blink frog hits you.
* * * LOW HITPOINT WARNING * * *
You closely miss the blink frog.
You feel like a meek peon again. You block the blink frog's attack.
You hit the blink frog.
The blink frog is lightly wounded.
You block the blink frog's attack.
The blink frog blinks!
You block the blink frog's attack.
You thump the blink frog!
The blink frog is moderately wounded.
You block the blink frog's attack. The blink frog hits you!
* * * LOW HITPOINT WARNING * * *
The blink frog blinks!
You closely miss the blink frog.
The blink frog is moderately wounded.
The blink frog hits you!
You die...

#.##.. #..#.#
....# ###.#.#
.....# #...#
#...#
####...####
#....§.F@.#
#..##..##.......
###.######
.#.F.##
######...#
.##.##
#........#
##.##.#
#.#####..#
#...#.# #.#
#..#### #..##.#
#.#
##..#.###..#..#
#.##
#.........##.#


You could see 2 blink frogs.

Vanquished Creatures
  Fannar (Lair:1)
  A hydra (Lair:1)
  2 death yaks (Lair:1)
  A deep elf pyromancer (D:8)
  2 cane toads (Lair:1)
  A torpor snail (Lair:1)
  2 komodo dragons (Lair:1)
  A hornet (D:8)
  Grinder (D:6)
  2 blink frogs (Lair:1)
  A wyvern (D:8)
  2 basilisks (Lair:1)
  Menkaure (Ossuary)
  Edmund (D:3)
  2 water moccasins
  Duvessa (D:6)
  11 orc warriors
  2 black bears
  2 necrophages
  2 ogres (D:5)
  A phantom (D:3)
  3 bullfrogs
  A scorpion (D:6)
  Dowan (D:6)
  2 water moccasin zombies
  A water moccasin skeleton (D:6)
  6 killer bees (D:8)
  6 electric eels (D:5)
  7 wights
  A bullfrog zombie (D:5)
  A centaur zombie (D:6)
  4 orc priests
  3 hounds
  2 jellies
  A gnoll shaman (D:5)
  An iguana (D:4)
  8 orc wizards
  A killer bee zombie (D:8)
  3 mummies (Ossuary)
  A howler monkey zombie (D:7)
  Robin (D:4)
  7 gnolls
  11 adders
  A howler monkey skeleton (D:5)
  2 shadow imps
  2 white imps
  2 dart slugs
  47 orcs
  5 ball pythons
  8 bats
  10 endoplasms
  2 giant cockroaches (D:2)
  4 gnoll zombies (Ossuary)
  17 goblins
  5 hobgoblins
  8 jackals
  6 kobolds
  2 quokkas
  11 frilled lizards
  4 gnoll skeletons (Ossuary)
  6 goblin skeletons (Ossuary)
  5 goblin zombies (Ossuary)
  4 hobgoblin skeletons (Ossuary)
  4 hobgoblin zombies (Ossuary)
  4 kobold skeletons (Ossuary)
  5 kobold zombies (Ossuary)
  3 orc skeletons (Ossuary)
  5 orc zombies (Ossuary)
  5 rats
  4 rat skeletons (Ossuary)
  2 rat zombies (Ossuary)
295 creatures vanquished.

Vanquished Creatures (others)
  3 fungi (Lair:1)
  8 plants
11 creatures vanquished.

Grand Total: 306 creatures vanquished

Notes
Turn   | Place    | Note
-------+----------+-------------------------------------------
     0 | D:1      | Delamore the Gargoyle Fighter began the quest for the Orb.
     0 | D:1      | Reached XP level 1. HP: 14/14 MP: 1/1
    28 | D:1      | Found a faded altar of an unknown god.
   131 | D:1      | Reached XP level 2. HP: 15/19 MP: 2/2
   629 | D:1      | Reached skill level 3 in Maces & Flails
   629 | D:1      | Reached XP level 3. HP: 24/24 MP: 3/3
  1520 | D:2      | Found a glowing silver altar of Zin.
  1725 | D:2      | Reached XP level 4. HP: 29/29 MP: 4/4
  2358 | D:3      | Noticed a phantom
  2392 | D:3      | Killed a phantom
  2393 | D:3      | Reached skill level 4 in Maces & Flails
  2393 | D:3      | Reached XP level 5. HP: 4/34 MP: 5/5
  2787 | D:3      | Found a snail-covered altar of Cheibriados.
  2952 | D:3      | Reached skill level 5 in Maces & Flails
  2952 | D:3      | Reached XP level 6. HP: 38/40 MP: 6/6
  3097 | D:4      | Noticed Robin
  3105 | D:4      | Killed Robin
  3107 | D:4      | Reached skill level 5 in Fighting
  3746 | D:4      | Reached skill level 6 in Maces & Flails
  3922 | D:4      | Noticed Edmund
  4004 | D:3      | Killed Edmund
  4005 | D:3      | Reached XP level 7. HP: 17/44 MP: 7/7
  4203 | D:4      | Reached skill level 7 in Maces & Flails
  4389 | D:4      | Found a bloodstained altar of Trog.
  4642 | D:5      | Entered Level 5 of the Dungeon
  4710 | D:5      | Found a sand-covered staircase.
  4717 | Ossuary  | Entered an ossuary
  5154 | Ossuary  | Noticed Menkaure
  5159 | Ossuary  | Killed Menkaure
  5160 | Ossuary  | Reached skill level 8 in Maces & Flails
  5374 | D:5      | Reached XP level 8. HP: 28/49 MP: 8/8
  5673 | D:5      | Found a glowing golden altar of the Shining One.
  5679 | D:5      | Found a basalt altar of Yredelemnul.
  5681 | D:5      | Noticed a profane servitor
  5739 | D:5      | Reached skill level 9 in Maces & Flails
  6190 | D:5      | Reached skill level 10 in Maces & Flails
  6822 | D:5      | Noticed an angel
  6884 | D:6      | Noticed Dowan
  6884 | D:6      | Noticed Duvessa
  6957 | D:6      | Killed Duvessa
  6958 | D:6      | Reached XP level 9. HP: 47/54 MP: 9/9
  7012 | D:6      | Killed Dowan
  7013 | D:6      | Reached skill level 11 in Maces & Flails
  7046 | D:6      | Noticed Grinder
  7048 | D:6      | Found a shadowy altar of Dithmenos.
  7058 | D:6      | Found an ancient bone altar of Kikubaaqudgha.
  7061 | D:6      | Killed Grinder
  7199 | D:6      | Found Ymoeqias's Magic Scroll Shop.
  7266 | D:6      | Bought a scroll of identify for 26 gold pieces
  7266 | D:6      | Bought a scroll of identify for 26 gold pieces
  7266 | D:6      | Bought a scroll of immolation for 45 gold pieces
  7372 | D:6      | Reached skill level 12 in Maces & Flails
  7412 | D:6      | Found a runed translucent door.
  7468 | D:6      | Found an iron altar of Okawaru.
  7476 | D:6      | Became a worshipper of Warmaster Okawaru
  8378 | D:6      | Identified a scroll of acquirement
  8379 | D:6      | Acquired a +5 eveningstar of holy wrath
  8385 | D:7      | Found a broken altar of Ashenzari.
  8428 | D:7      | Found a staircase to the Ecumenical Temple.
  8555 | D:7      | Found a flagged portal.
  8596 | Bailey   | Entered a bailey
  8965 | Bailey   | Identified the +0 ice dragon scales "Beanwat" {+Blink rF-
                  | rC++}
  9356 | Bailey   | Reached skill level 13 in Maces & Flails
  9356 | Bailey   | Reached XP level 10. HP: 50/59 MP: 10/10
  9408 | Bailey   | Reached * piety under Okawaru
  9436 | Bailey   | Gained mutation: Your spells are a little easier to cast,
                  | but a little less powerful. [potion of mutation]
  9436 | Bailey   | Gained mutation: Your flesh is cold resistant. (rC+)
                  | [potion of mutation]
  9436 | Bailey   | Gained mutation: You have sharp fingernails. [potion of
                  | mutation]
  9790 | D:7      | Found a glowing silver altar of Zin.
 10409 | D:8      | Noticed a deep elf pyromancer
 10418 | D:8      | Killed a deep elf pyromancer
 10418 | D:8      | Reached ** piety under Okawaru
 10874 | D:8      | Found a staircase to the Lair.
 10994 | D:8      | Reached skill level 14 in Maces & Flails
 11198 | D:8      | Found a hazy altar of Hepliaklqana.
 11720 | Lair:1   | Entered Level 1 of the Lair of Beasts
 11732 | Lair:1   | Reached skill level 5 in Shields
 11766 | Lair:1   | Noticed a cane toad
 11773 | Lair:1   | Killed a cane toad
 11773 | Lair:1   | Reached *** piety under Okawaru
 11901 | Lair:1   | Noticed a six-headed hydra
 11901 | Lair:1   | Noticed a cane toad
 11911 | Lair:1   | Killed a cane toad
 11918 | Lair:1   | Killed a six-headed hydra
 11919 | Lair:1   | Reached XP level 11. HP: 19/63 MP: 9/11
 12256 | Lair:1   | Noticed Fannar
 12273 | Lair:1   | Reached **** piety under Okawaru
 12286 | Lair:1   | Killed Fannar
 12287 | Lair:1   | Reached skill level 15 in Maces & Flails
 12491 | Lair:1   | Noticed a death yak
 12494 | Lair:1   | Noticed a death yak
 12536 | Lair:1   | Killed a death yak
 12547 | Lair:1   | Killed a death yak
 12878 | Lair:1   | Reached ***** piety under Okawaru
 12900 | Lair:1   | Mangled by a blink frog

Illustrated notes

Levels and vault maps discovered:
D:1:      minmay_arrival_up_and_down, layout_loops_ring,
          ebering_ecumenical_altar_abandoned
D:2:      layout_loops_cross, basic_altar, kennysheep_doodads,
          dk_noncrumbling_2, kennysheep_generic_room_16
D:3:      layout_rooms, overflow_temple_1_default
D:4:      layout_basic, lemuel_coloured_pillars_altar, chequers_jeans,
          minmay_lizard_king, uniq_robin, uniq_edmund
D:5:      cheibrodos_two_vegetables, layout_cave_pools,
          grunt_temple_overflow_holy_war, chequers_ossuary_entry_cave,
          corexii_item_surrounded_by_moat
D:6:      layout_rooms, grunt_dithmenos_smoke, okawaru_ov_weapons_minmay,
          nicolae_overflow_crystal_walls, serial_shops, shop,
          lightli_church_of_beogh, uniq_grinder, uniq_duvessa
D:7:      layout_cave_pods, kennysheep_mini, overflow_temple_1_default,
          minmay_temple_entry_hall, enter_bailey_2
D:8:      layout_loops_corners, overflow_temple_1_default, dpeg_oklobed_lair
Lair:1:   layout_loops_ring, uniq_fannar

Skill      XL: |  1  2  3  4  5  6  7  8  9 10 11 |
---------------+----------------------------------+-----
Maces & Flails | 3 4 5 6 8 10 13 14 15 | 15.6
Fighting       | 4 5 |  5.0
Shields        | 6 7 |  7.6
Armour         | |  3.2

Action                   |  1- 3 |  4- 6 |  7- 9 | 10-12 || total
-------------------------+-------+-------+-------+-------++-------
Melee: Flail             |    50 |       |   447 |       ||   497
       Whip              |   114 |       |       |       ||   114
       Mace              |    11 |   236 |       |       ||   247
       Eveningstar       |       |       |    31 |   204 ||   235
Throw: Boomerang         |       |     7 |    21 |    15 ||    43
       Dart              |       |       |    16 |       ||    16
Invok: Heroism           |       |       |       |     4 ||     4
 Abil: Evoke Blink       |       |       |       |     5 ||     5
Evoke: Wand              |       |       |    16 |       ||    16
  Use: Scroll            |       |     5 |    11 |     3 ||    19
       Potion            |       |     3 |     1 |     4 ||     8
Armor: Scale mail        |    80 |   147 |   243 |       ||   470
       Ice dragon scales |       |       |     3 |    78 ||    81
Dodge: Dodged            |    80 |    71 |   155 |    88 ||   394
Block: Kite shield       |    80 |   140 |   213 |   128 ||   561

Table legend: (Time is in decaauts)
 A = Elapsed time spent in this place.
 B = Non-inter-level travel time spent in this place.
 C = Inter-level travel time spent in this place.
 D = Time resting spent in this place.
 E = Time spent auto-exploring this place.
 F = Levels seen in this place.
 G = Mean time per level.
                   A        B        C        D        E       F      G
               +--------+--------+--------+--------+--------+-----+--------+
         Total |  13178 |  12916 |    262 |   3746 |   6336 |  11 | 1198.0 |
       Dungeon |  10357 |  10095 |    262 |   2502 |   5649 |   8 | 1294.6 |
          Lair |   1175 |   1175 |      0 |    626 |    368 |   1 | 1175.0 |
       Ossuary |    646 |    646 |      0 |    173 |    202 |   1 |  646.0 |
        Bailey |    998 |    998 |      0 |    445 |    117 |   1 |  998.0 |
               +--------+--------+--------+--------+--------+-----+--------+

Top non-repeatable levels by time:
     D:5: 2100 daAuts
     D:2: 1531 daAuts
     D:7: 1203 daAuts
  Lair:1: 1175 daAuts
     D:4: 1170 daAuts
     D:8: 1155 daAuts
     D:1: 1152 daAuts
     D:6: 1095 daAuts
  Bailey: 998 daAuts
     D:3: 948 daAuts
 Ossuary: 646 daAuts
